 Dungeon Crawl Stone Soup version 0.27.1-34-g3ba077fa99 (webtiles) character file.

Game seed: 3026514362093003622

108 zeram the Shield-Bearer (level 4, -5/31 HPs)
             Began as an Octopode Fighter on Jan 20, 2022.
             Slain by a scorpion (8 damage)
             ... on level 3 of the Dungeon.
             The game lasted 00:03:31 (2472 turns).

zeram the Shield-Bearer (Octopode Fighter)          Turns: 2472, Time: 00:03:31

Health: -5/31      AC:  1    Str: 15    XL:     4   Next: 87%
Magic:  4/4        EV: 11    Int: 11    God:
Gold:   151        SH: 10    Dex: 11    Spells: 3/3 levels left

rFire    . . .     SeeInvis .   a - +1 war axe
rCold    . . .     Faith    .   b - +1 kite shield
rNeg     . . .     Spirit   .   (helmet restricted)
rPois    .         Reflect  .   (no amulet)
rElec    .         Harm     .   k - ring of flight
rCorr    .         Rampage  .   (no ring)
Will     .....                  (no ring)
Stlth    ++........             (no ring)
HPRegen  0.10/turn              (no ring)
MPRegen  0.09/turn              (no ring)
                                (no ring)
                                (no ring)

@: mighty, flying
A: almost no armour, amphibious, 8 rings, camouflage 1, gelatinous body 1,
(nimble swimmer 1), tentacles
a: no special abilities


You were on level 3 of the Dungeon.
You visited 1 branch of the dungeon, and saw 3 of its levels.

You collected 151 gold pieces.

Inventory:

Hand Weapons
 a - a +1 war axe (weapon)
Missiles
 d - a throwing net (quivered)
Armour
 b - a +1 kite shield (worn)
Jewellery
 k - a ring of flight (left tentacle)
Potions
 c - a potion of might
 h - 2 potions of flight
 i - a potion of haste {unknown}
 l - a potion of attraction {unknown}


   Skills:
 - Level 3.0 Fighting
 + Level 3.6 Axes
 + Level 3.7 Dodging
 + Level 3.7 Shields


You had 3 spell levels left.
You didn't know any spells.
Your spell library contained the following spells:

 Spells                   Type           Power      Damage    Failure   Level
 Corpse Rot               Necr/Air       N/A        N/A       92%         2
 Poisonous Vapours        Pois/Air       0%         N/A       92%         2
 Static Discharge         Conj/Air       0%         N/A       92%         2
 Inner Flame              Hex/Fire       0%         N/A       99%         3
 Cause Fear               Hex            0%         N/A       100%        4
 Dispel Undead            Necr           0%         3d6       100%        4
 Sticky Flame             Conj/Fire      0%         2d3       100%        4
 Freezing Cloud           Conj/Ice/Air   0%         6-21      100%        5
 Discord                  Hex            0%         N/A       100%        8


Dungeon Overview and Level Annotations

Branches:
Dungeon (3/15)

Altars:

Shops:
D:2 (


Innate Abilities, Weirdness & Mutations

You cannot wear most types of armour.
You are amphibious.
You can wear up to eight rings at the same time.
Your skin changes colour to match your surroundings (Stealth+).
Your rubbery body absorbs attacks. (AC +1, EV +1)
((You are camouflaged near water. (Stealth+)))
You have tentacles for arms and can constrict up to eight enemies at once.


Message History

A scorpion is nearby!
A scorpion is nearby!
A scorpion is nearby!
You closely miss the scorpion. Your grab misses the scorpion.
The scorpion stings you!
You are poisoned.
The scorpion poisons you! The scorpion stings you.
You hit the scorpion. Your grab misses the scorpion.
The scorpion is lightly wounded.
You feel very sick. The scorpion stings you!
* * * LOW HITPOINT WARNING * * *
You are too injured to fight recklessly!
You are too injured to fight recklessly!
You are too injured to fight recklessly!
You are too injured to fight recklessly!
You are too injured to fight recklessly!
You are too injured to fight recklessly!
You are too injured to fight recklessly!
You are too injured to fight recklessly!
You are too injured to fight recklessly!
You are too injured to fight recklessly!
You are too injured to fight recklessly!
You are too injured to fight recklessly!
You are too injured to fight recklessly!
You are too injured to fight recklessly!
You are too injured to fight recklessly!
You are too injured to fight recklessly!
You are too injured to fight recklessly!
You are too injured to fight recklessly!
You are too injured to fight recklessly!
You are too injured to fight recklessly!
It was a potion of curing.
You feel better. You block the scorpion's attack. The scorpion stings you!
* * * LOW HITPOINT WARNING * * *
You feel better. The scorpion stings you!
* * * LOW HITPOINT WARNING * * *
You feel very mighty all of a sudden. The scorpion stings you!
You die...

#..# #..# #######
#..# ....... #..#
####### ###..###.#
....... #.#######..#
#.....s@...#
##########.# #
##########.#
##########..........#
....<......##########
############ #


You could see a scorpion.

Vanquished Creatures
  An orc wizard (D:3)
  3 worms
  2 dart slugs
  9 orcs
  3 endoplasms
  A giant cockroach (D:2)
  7 goblins
  6 hobgoblins
  3 jackals (D:2)
  3 quokkas
  6 ball pythons
  6 bats
  A frilled lizard (D:2)
  2 kobolds
  2 rats
55 creatures vanquished.

Vanquished Creatures (others)
  A fungus (D:1)
  2 plants
3 creatures vanquished.

Grand Total: 58 creatures vanquished

Notes
Turn   | Place    | Note
-------+----------+-------------------------------------------
     0 | D:1      | zeram the Octopode Fighter began the quest for the Orb.
     0 | D:1      | Reached XP level 1. HP: 16/16 MP: 1/1
   279 | D:1      | Reached XP level 2. HP: 17/21 MP: 2/2
   331 | D:1      | Found a faded altar of an unknown god.
  1012 | D:2      | Reached XP level 3. HP: 24/26 MP: 3/3
  1229 | D:2      | Found Veutzubb's Antique Weapon Emporium.
  1507 | D:2      | Reached XP level 4. HP: 28/31 MP: 4/4
  2465 | D:3      | Noticed a scorpion
  2472 | D:3      | Slain by a scorpion

Illustrated notes

Levels and vault maps discovered:
D:1:      dpeg_arrival_brainrot, layout_basic,
          shapermc_ecumenical_altar_mp_urbaneastern
D:2:      layout_basic, serial_shops, shop, moated_statue, wad_woods_river_04
D:3:      layout_loops_ring

Skill      XL: |  1  2  3  4 |
---------------+-------------+-----
Axes           | 3 |  3.6
Fighting       | |  3.0
Dodging        | |  3.7
Shields        | |  3.7

Action                   |  1- 3 |  4- 6 || total
-------------------------+-------+-------++-------
Melee: War axe           |    63 |    29 ||    92
       Constrict         |    12 |     7 ||    19
       Tentacles         |    12 |     3 ||    15
  Use: Scroll            |     5 |       ||     5
       Potion            |       |     3 ||     3
 Stab: Sleeping          |     9 |     4 ||    13
Armor: Skin              |     6 |     2 ||     8
Dodge: Dodged            |    22 |    10 ||    32
Block: Kite shield       |    29 |     8 ||    37
